Cogmind - Beta 12 @@@ ROGUE MODE // 2023.04.25 @ 17:12:12 Player: ZLD1 Result: Self-destructed Performance ------------- Evolutions (1) 500 Regions Visited (3) 600 Robots Destroyed (7) 35 Value Destroyed (271) 271 Prototype IDs (1) 20 Alien Tech Used (0) 0 Bonus (0) 0 TOTAL SCORE: 1426 Bonus ------- None Cogmind --------- Core Integrity 283/400 Matter 252/300 Energy 70/100 System Corruption 0% Temperature Critical (547) Movement Walking (190) Ox1 Location -9/Storage Parts ------- > --- POWER (1) -------- (None) > --- PROPULSION (2) --- Aluminum Leg Aluminum Leg > --- UTILITY (3) ------ Large Storage Unit Signal Interpreter > --- WEAPON (3) ------- Improved Medium Laser Improved Medium Laser > --- INVENTORY (15) --- Ion Engine Ion Engine Aluminum Leg Heat Sink Small Storage Unit Structural Scanner Light Armor Plating EM Pulse Gun Beam Rifle Peak State ------------ > --- POWER ------------ Ion Engine > --- PROPULSION ------- Aluminum Leg Aluminum Leg > --- UTILITY ---------- Heat Sink Large Storage Unit Signal Interpreter > --- WEAPON ----------- Improved Medium Laser Improved Medium Laser Improved Medium Laser > --- INVENTORY -------- Ion Engine Ion Engine Aluminum Leg Heat Sink Small Storage Unit Structural Scanner Light Armor Plating EM Pulse Gun Beam Rifle [Rating: 16] Favorites ----------- Power Ion Engine Engine Ion Engine Propulsion Aluminum Leg Leg Aluminum Leg Utility Heat Sink Device Heat Sink Storage Small Storage Unit Processor Signal Interpreter Weapon Improved Medium Laser Energy Gun Improved Medium Laser Build | -11 -10 -9 -9 ------- Run | Jun Mat Mat Sto Slots Evolved 2 | . . 2 . Power . | . . . . Propulsion . | . . . . Utility 1 | . . 1 . Weapon 1 | . . 1 . Parts Attached 12 | 6 1 5 . Power 1 | 1 . . . Engine 1 | 1 . . . Core . | . . . . Reactor . | . . . . Propulsion 2 | 2 . . . Treads . | . . . . Leg 2 | 2 . . . Wheel . | . . . . Hover . | . . . . Flight . | . . . . Utility 4 | 1 1 2 . Device 1 | . 1 . . Storage 2 | 1 . 1 . Processor 1 | . . 1 . Hackware . | . . . . Protection . | . . . . Artifact . | . . . . Weapon 5 | 2 . 3 . Energy Gun 5 | 2 . 3 . Energy Cannon . | . . . . Ballistic Gun . | . . . . Ballistic Cannon . | . . . . Launcher . | . . . . Special Weapon . | . . . . Impact Weapon . | . . . . Slashing Weapon . | . . . . Piercing Weapon . | . . . . Special Melee Weapon . | . . . . Unidentified Prototypes 1 | . . 1 . Parts Lost 3 | . . . 3 Power 1 | . . . 1 Propulsion . | . . . . Utility 1 | . . . 1 Weapon 1 | . . . 1 Highest Loss Streak 3 | . . . 3 To Critical Strikes . | . . . . Average Slot Usage (%) 97 | . 97 98 94 Engine 12 | . 14 11 8 Leg 25 | . 28 22 22 Device 11 | . 12 11 9 Storage 12 | . 14 11 11 Processor 5 | . . 11 11 Energy Gun 29 | . 28 31 31 Naked Turns . | . . . . Heaviest Build 35 | 14 15 35 35 Greatest Support 20 | 20 20 20 20 Greatest Overweight (x) 4 | 4 . 1 1 Average Overweight (x) . | . . . 1 Largest Inventory Capacity 15 | 8 8 15 15 Average Capacity 9 | 7 8 9 15 Most Carried 9 | 4 7 9 9 Average Carried 5 | 1 3 7 9 Final Capacity 15 | 8 8 15 15 Final Carried 9 | 1 7 9 9 Class Distribution -------------------- 59% | Mutant 40% | Gunner Dominant Class ---------------- Mutant | -10/Materials Gunner | -9/Materials Gunner | -9/Storage Resources | -11 -10 -9 -9 ----------- Run | Jun Mat Mat Sto Matter Collected 285 | 233 . 52 . Remotely . | . . . . Salvage Created 319 | . 79 107 133 Parts 14 | . 5 5 4 Haulers Intercepted . | . . . . Recyclers Shooed . | . . . . Parts Field Recycled . | . . . . Retrieved Matter . | . . . . Parts Self-Destructed . | . . . . Prevented . | . . . . Kills | -11 -10 -9 -9 ------- Run | Jun Mat Mat Sto Combat Hostiles Destroyed 7 | . 2 2 3 Guns 5 | . 2 1 2 Classes Destroyed 2 | . 1 1 . Grunt 4 | . 2 . 2 Sentry 3 | . . 2 1 Best Kill Streak 3 | . 1 2 3 Combat Bots Only 3 | . 1 2 3 Max Kills in Single Turn 1 | . 1 1 1 Gunslinging . | . . . . Exploded . | . . . . Melee . | . . . . Uniques/NPCs Destroyed . | . . . . Combat | -11 -10 -9 -9 -------- Run | Jun Mat Mat Sto Damage Taken 579 | . 12 90 477 Core 117 | . . 15 102 Absorbed by Shields . | . . . . Core Remaining (%) 100 | 100 100 . . Volleys Fired 19 | . 4 4 11 Largest 3 | . 2 3 3 Hottest 168 | . 90 168 168 Shots Fired 47 | . 8 12 27 Gun 47 | . 8 12 27 Cannon . | . . . . Launcher . | . . . . Special . | . . . . Kinetic . | . . . . Thermal 43 | . 4 12 27 Explosive . | . . . . Electromagnetic 4 | . 4 . . Robot Hit Streak 15 | . 7 10 15 Robot Miss Streak 2 | . . 1 2 Penetration Max . | . . . . Secondary Targets 1 | . . . 1 Max Gunslinging Chain 1 | . . . 1 Shots Hit Robots 37 | . 7 9 21 Core Hits 11 | . 4 3 4 Critical Kills . | . . . . Critical Parts Destroyed . | . . . . Critical Strikes 6 | . . 2 4 Burn 6 | . . 2 4 Melee Attacks . | . . . . Impact . | . . . . Slashing . | . . . . Piercing . | . . . . Sneak Attacks . | . . . . Combat Hostiles . | . . . . Follow-up Attacks . | . . . . Damage Inflicted 604 | . 90 153 361 Guns 604 | . 90 153 361 Cannons . | . . . . Explosions . | . . . . Melee . | . . . . Ramming . | . . . . Kinetic . | . . . . Thermal 552 | . 38 153 361 Explosive . | . . . . Electromagnetic 52 | . 52 . . Impact . | . . . . Slashing . | . . . . Piercing . | . . . . Highest Corruption . | . . . . Average Corruption . | . . . . Corruption Purged . | . . . . Corruption Blocked . | . . . . Overload Shots . | . . . . Overflow Damage . | . . . . Projectiles . | . . . . Explosions . | . . . . Melee . | . . . . Knockbacks . | . . . . Impact . | . . . . Kinetic . | . . . . Secondary . | . . . . Self-Inflicted Damage . | . . . . Shots . | . . . . Rammed . | . . . . Targets Rammed . | . . . . Kicked . | . . . . Crushed . | . . . . Highest Temperature 583 | . 6 239 583 Average Temperature 246 | . 6 105 376 Received Heat Transfer 189 | . 6 27 156 Effects 12 | . . . 12 Energy Bleed 1 | . . . 1 Interference 3 | . . . 3 Matter Decay 1 | . . . 1 Short Circuit 1 | . . . 1 Damage (minor) 1 | . . . 1 Damage (major) 5 | . . . 5 Siege Activations . | . . . . Robots Corrupted . | . . . . Combat Hostiles . | . . . . Parts Fried . | . . . . Impact Corruptions . | . . . . Robots Melted 2 | . . 1 1 Combat Hostiles 2 | . . 1 1 Parts Melted 7 | . . 5 2 Heat Transferred 1665 | . 111 481 1073 Parts Sabotaged . | . . . . Parts Stolen . | . . . . Parts Stripped . | . . . . Power Chain Reactions . | . . . . Missiles Intercepted . | . . . . Alert | -11 -10 -9 -9 ------- Run | Jun Mat Mat Sto Peak Influence 110 | . 80 108 110 Initial 45 | . . 33 45 Average 34 | . 21 57 66 Maximum Alert Level . | . . . . Low Security (%) 100 | 100 100 100 100 Level 1 . | . . . . Level 2 . | . . . . Level 3 . | . . . . Level 4 . | . . . . Level 5 . | . . . . High Security . | . . . . Max Security . | . . . . Squads Dispatched 2 | . 1 . 1 Investigation 1 | . . . 1 Extermination . | . . . . Reinforcement 1 | . 1 . . Assault . | . . . . Garrison . | . . . . Intercept . | . . . . Searches Triggered . | . . . . Construction Impeded . | . . . . Haulers Reinforced . | . . . . Active Scanning Responses . | . . . . Cargo Convoy Interrupts . | . . . . Stealth | -11 -10 -9 -9 --------- Run | Jun Mat Mat Sto Distress Signals 1 | . . 1 . Communications Jammed . | . . . . Distress Signals . | . . . . Times Spotted 13 | . 5 4 4 Peak Tracking Total 3 | . 3 2 3 Tactical Retreats 1 | . 1 . . Traps | -11 -10 -9 -9 ------- Run | Jun Mat Mat Sto Traps Triggered 1 | . . . 1 Indirectly . | . . . . Trap Hack Attempts . | . . . . Triggered . | . . . . Disarmed . | . . . . Reprogrammed . | . . . . Reused . | . . . . Traps Extracted . | . . . . Installed . | . . . . Triggered . | . . . . Machines | -11 -10 -9 -9 ---------- Run | Jun Mat Mat Sto Machines Disabled . | . . . . Max in Single Turn . | . . . . Machines Repaired . | . . . . Machines Sabotaged . | . . . . Overloaded Fab Kills . | . . . . Hacking | -11 -10 -9 -9 --------- Run | Jun Mat Mat Sto Machines Accessed . | . . . . Terminals . | . . . . Fabricators . | . . . . Repair Stations . | . . . . Recycling Units . | . . . . Scanalyzers . | . . . . Garrison Access . | . . . . Total Hacks . | . . . . Successful . | . . . . Failed . | . . . . Catastrophic . | . . . . Database Lockouts . | . . . . Manual . | . . . . Terminals . | . . . . Fabricators . | . . . . Repair Stations . | . . . . Recycling Units . | . . . . Scanalyzers . | . . . . Garrison Access . | . . . . Terminal Hacks . | . . . . Fabricator Hacks . | . . . . Repair Station Hacks . | . . . . Recycling Unit Hacks . | . . . . Scanalyzer . | . . . . Garrison Access Hacks . | . . . . Unauthorized Hacks . | . . . . Terminals . | . . . . Fabricators . | . . . . Repair Stations . | . . . . Recycling Units . | . . . . Scanalyzers . | . . . . Garrison Access . | . . . . Data Cores Recovered . | . . . . Used . | . . . . Hacking Detections . | . . . . Full Trace Events . | . . . . Feedback Events . | . . . . Feedback Blocked . | . . . . Robot Schematics Acquired . | . . . . Robots Built . | . . . . Authchips . | . . . . Time . | . . . . Total Robot Build Rating . | . . . . Part Schematics Acquired . | . . . . Parts Built . | . . . . Authchips . | . . . . Time . | . . . . Total Part Build Rating . | . . . . Parts Repaired . | . . . . Time . | . . . . Parts Recycled . | . . . . Recycled Matter . | . . . . Retrieved Matter . | . . . . Retrieved Components . | . . . . Parts Scanalyzed . | . . . . Part Schematics Acquired . | . . . . Parts Damaged . | . . . . Bothacking | -11 -10 -9 -9 ------------ Run | Jun Mat Mat Sto Used RIF Installer . | . . . . Robots Hacked . | . . . . Non-combat . | . . . . Combat . | . . . . Robot Hacks Applied . | . . . . Relay Couplers Released . | . . . . Fabnet Peak Effective % . | . . . . Robots Rewired . | . . . . Allies Hacked . | . . . . Hacks Repelled . | . . . . Allies | -11 -10 -9 -9 -------- Run | Jun Mat Mat Sto Total Allies . | . . . . Largest Group . | . . . . Highest-Rated Group . | . . . . Highest-Rated Ally . | . . . . Total Orders . | . . . . Ally Attacks . | . . . . Total Damage . | . . . . Kills . | . . . . Allies Corrupted . | . . . . Allies Melted . | . . . . Intel | -11 -10 -9 -9 ------- Run | Jun Mat Mat Sto Robot Analysis Total . | . . . . Derelict Logs Recovered . | . . . . Drone Launches . | . . . . Drone Recoveries . | . . . . Exploration | -11 -10 -9 -9 ------------- Run | Jun Mat Mat Sto Turns Passed 502 | 72 223 121 86 Spaces Moved 287 | 49 153 57 28 Core 18 | 18 . . . Treads . | . . . . Legs 269 | 31 153 57 28 Wheels . | . . . . Hover . | . . . . Flight . | . . . . Fastest Speed 50 | 50 120 120 190 Average Speed 130 | 122 120 134 190 Slowest Speed 250 | 250 120 190 190 Overloaded Moves . | . . . . Propulsion Burnouts . | . . . . Robots Hopped . | . . . . Cave-ins Triggered . | . . . . Exploration Rate (%) 13 | 3 34 7 9 Regions Visited 3 Branch Regions 1 Pre-discovered Areas . | . . . . Known Exits Taken 1 | . . 1 . Unknown Exits Taken 2 | 1 1 . . Scrap Searched . | . . . . Spaces Dug . | . . . . Terrain Destroyed . | . . . . Melee . | . . . . Projectile . | . . . . AOE . | . . . . Terrain Rammed . | . . . . Walls Destroyed . | . . . . Machines Disabled . | . . . . Actions | -11 -10 -9 -9 --------- Run | Jun Mat Mat Sto Total 377 | 61 184 93 39 Wait 38 | . 20 18 . Move 284 | 48 152 56 28 Hop . | . . . . Pick Up 21 | 7 7 7 . Fast Attach . | . . . . Attach 10 | 6 1 3 . Detach . | . . . . Swap 2 | . . 2 . Drop 3 | . . 3 . Fire 19 | . 4 4 11 Melee . | . . . . Ram . | . . . . Kick . | . . . . Crush . | . . . . Escape Stasis . | . . . . Rewire . | . . . . Trap . | . . . . Miscellaneous . | . . . . Route ------- -11/Junkyard -10/Materials -9/Materials -9/Storage History --------- Turn | Location | Event 27 | -11/Junkyard | Discovered new exit (range 15) 73 | -11/Junkyard | Entered Materials 248 | -10/Materials | Discovered new exit (range 15) 296 | -10/Materials | Entered another Materials area 296 | -9/Materials | Evolved 2 slots: Utility x1, Weapon x1 356 | -9/Materials | Discovered new exit (range 16) 415 | -9/Materials | Identified exit to Storage 417 | -9/Materials | Entered Storage 503 | -9/Storage | Self-destructed Last Messages --------------- 00488_ Melted Beam Rifle. 00489_ Y-45 Defender heat spikes uncontrollably. 00490_ Overheating: Imp. Medium Laser damaged (-28). 00492_ Y-45 Defender suffers critical hit (Burn). 00493_ Y-45 Defender heat short circuits Lgt. Treads. 00493_ Heat Sink destroyed. 00494_ Overheating: System interference. 00494_ Imp. Medium Laser temporarily disabled. 00494_ Y-45 Defender heat damages Broken Lgt. Treads. 00495_ Overheating: Signal Interpreter damaged (-10). 00495_ Overheating: Aluminum Leg damaged (-48). 00496_ Imp. Medium Laser destroyed. 00497_ Overheating: Energy bleed (-12). 00497_ Y-45 Defender heat damages core (-4). 00499_ Overheating: Lrg. Storage Unit damaged (-139). 00499_ Overheating: Imp. Medium Laser damaged (-5). 00499_ Overheating: Aluminum Leg damaged (-12). 00500_ Overheating: Matter decay (-28). 00503_ Imp. Medium Laser broken. 00503_ Overheating: Short circuit. Map ----- +----------------------------------------------------+ | ?????????????????????????????????????????????????? | | ?????????????????????????????????????????????????? | | ?????????????????????????????????????????????????? | | ?????????????????????????????????????????????????? | | ?????????????????????????????????????????????????? | | ?????????????????????????????????????????????????? | | ?????????????????????????????????????????????????? | | ?????????????????????????????????????????????????? | | ?????????????????????????????????????????????????? | | ?????????????????????????????????????????????????? | | ?????????????????????????????????????????????????? | | ?????????????????????????????????????????????????? | | ????????????????????#"???????????????????????????? | | ???????????????##?#+#"Y??????????????????????????? | | #########?????? ?# ??????????????????????????? | | #?????? ?? ??????????????????????????? | | #?????? #? ""????????????????????????? | | #?????? #?? """ ??????????????????????? | | """ """ #??????" #?? = ??????????????????????? | | """ """ #??????" #??? """???????????????????????? | | """ """ #??????" #??? """??????#????????????????? | | #???"""" #???? ""????? #????????????????? | | #??? #???? ???? ##???????????????? | | ###+##+######+##+######+#### #???????????????? | | u Y [%! #???????????????? | | %@==% T +???????????????? | | #???????????????? | | ############################ #???????????????? | | ????????????????????????????######???????????????? | | ?????????????????????????????????????????????????? | | ?????????????????????????????????????????????????? | | | | | | | | | | | | | | | | | | | | | | | | | | | | | | | | | | | | | | | +----------------------------------------------------+ Best States ------------- Heat Dissipation 38 Energy Generation 10 Energy Capacity 250 Matter Stores 280 Matter Capacity 300 Sight Range 16 Terrain Scan Density 10 Evasion (%) 55 Item Schematics ----------------- None Robot Schematics ------------------ None Fabricated ------------ Nothing Alien Tech Used ----------------- None Achievements -------------- None Challenges ------------ None Game ------ Seed IntegrityQuantumFacilitator Manual? 0 Play Time 00:06:03 Cumulative 45.5 hours Start 2023.04.25 @ 16:44:08 End 2023.04.25 @ 17:12:12 Sessions 1 Manual Loads 0 Difficulty Rogue Special Mode None Game No. 100 Rogue 100 Adventurer 0 Explorer 0 Win Type - Total 0 Types 0/0/0/0/0/0/0/0/0 Lore% 26 Gallery% 40 Achievement% 29 Wizard Run 0 Options --------- ASCII 0 Keyboard 0 Movement Mouse Keybinds 0 Fullscreen 1 Font 24/Smallcaps Map View 64x52 Tactical HUD 1 Map Filters NONE Filters NONE Steam 1 RUN: 48a5f157-c57b-4ecc-b05e-2166ab978753